 Dungeon Crawl Stone Soup version 0.29-a0-664-gff9cad4a3d (webtiles) character file.

Game seed: 1808407404815587706

1439 DocClef the Shield-Bearer (level 8, -1/67 HPs)
             Began as a Gnoll Fighter on June 22, 2022.
             Was an Initiate of Okawaru.
             Slain by an orc warrior
             ... wielding a +0 scimitar
              (14 damage)
             ... on level 7 of the Dungeon.
             The game lasted 00:05:47 (6492 turns).

DocClef the Shield-Bearer (Gnoll Fighter)           Turns: 6492, Time: 00:05:47

Health: -1/67      AC: 10    Str: 23    XL:     8   Next: 74%
Magic:  13/13      EV: 11    Int:  8    God:    Okawaru [......]
Gold:   271        SH:  5    Dex: 12    Spells: 14/14 levels left

rFire   . . .      SeeInvis .   q - +2 flail (holy)
rCold   . . .      Faith    .   c - +0 buckler
rNeg    . . .      Spirit   .   b - +0 scale mail
rPois   .          Reflect  .   (no helmet)
rElec   .          Harm     .   h - +0 cloak
rCorr   .          Rampage  .   (no gloves)
Will    +....                   g - +0 pair of boots
Stlth   +.........              (no amulet)
HPRegen 0.21/turn               n - ring of willpower
MPRegen 0.13/turn               e - +6 ring of strength

@: no status effects
A: fangs 1, strong nose, distributed training
a: Renounce Religion


You were on level 7 of the Dungeon.
You worshipped Okawaru.
Okawaru was noncommittal.
You visited 2 branches of the dungeon, and saw 8 of its levels.

You collected 271 gold pieces.

Inventory:

Hand Weapons
 a - a +0 flail
 q - a +2 flail of holy wrath (weapon)
Missiles
 o - a throwing net (quivered)
Armour
 b - a +0 scale mail (worn)
 c - a +0 buckler (worn)
 g - a +0 pair of boots (worn)
 h - a +0 cloak (worn)
Jewellery
 e - a +6 ring of strength (right hand)
 f - a ring of magical power
 n - a ring of willpower (left hand)
 p - a ring of wizardry
 s - a ring of protection from cold
 w - a ring of positive energy
Wands
 j - a wand of mindburst (16)
 v - a wand of light (19)
Scrolls
 i - 6 scrolls of identify
 m - 4 scrolls of teleportation
 u - a scroll of torment {unknown}
Potions
 d - 2 potions of might
 k - a potion of brilliance
 l - 3 potions of cancellation
 r - 4 potions of curing
 t - a potion of lignification


   Skills:
 + Level 7.5 Fighting
 + Level 3.5 Short Blades
 + Level 3.5 Long Blades
 + Level 3.5 Axes
 + Level 5.8 Maces & Flails
 + Level 3.5 Polearms
 + Level 3.5 Staves
 + Level 3.5 Slings
 + Level 3.5 Bows
 + Level 3.5 Crossbows
 + Level 3.5 Throwing
 + Level 7.5 Armour
 + Level 3.5 Dodging
 + Level 3.5 Stealth
 + Level 7.5 Shields
 + Level 3.5 Unarmed Combat
 + Level 3.5 Spellcasting
 + Level 2.9 Conjurations
 + Level 2.9 Hexes
 + Level 2.9 Summonings
 + Level 2.9 Necromancy
 + Level 2.9 Translocations
 + Level 2.9 Transmutations
 + Level 2.9 Fire Magic
 + Level 2.9 Ice Magic
 + Level 2.9 Air Magic
 + Level 2.9 Earth Magic
 + Level 2.9 Poison Magic
 + Level 3.9 Invocations
 + Level 3.5 Evocations


You had 14 spell levels left.
You didn't know any spells.
Your spell library contained the following spells:

 Spells                   Type           Power      Damage    Failure   Level
 Beastly Appendage        Tmut           12%        N/A       26%         1
 Ensorcelled Hibernation  Hex/Ice        12%        N/A       38%         2
 Passwall                 Tmut/Erth      5%         N/A       38%         2
 Wereblood                Tmut           6%         N/A       38%         2
 Spider Form              Tmut/Pois      6%         N/A       63%         3
 Swiftness                Air            6%         N/A       63%         3


Dungeon Overview and Level Annotations

Branches:
Dungeon (7/15)             Temple (1/1) D:5

Altars:
Ashenzari
Cheibriados
Elyvilon
Fedhas
Gozag
Hepliaklqana
Makhleb
Nemelex Xobeh
Okawaru
Qazlal
Ru
Sif Muna
Trog
Uskayaw
Vehumet
Wu Jian
Xom
The Shining One

Shops:
D:5 (


Innate Abilities, Weirdness & Mutations

You have very sharp teeth.
Your uncanny sense of smell can sniff out nearby items.
Your experience applies equally to all skills.


Message History

The water moccasin poisons you! You block the water moccasin's attack.
You feel very sick.
You feel very sick. The water moccasin bites you.
You feel sick.
You feel sick.
You feel sick. The water moccasin misses you.
The water moccasin attacks as you move away!
The water moccasin bites you.
You are more poisoned.
The water moccasin poisons you!
You feel very sick.
You sock the water moccasin!
The water moccasin is moderately wounded.
You feel very sick. The water moccasin misses you.
You block the water moccasin's attack.
You feel sick.
You hit the water moccasin.
The water moccasin is heavily wounded.
You feel sick. The water moccasin bites you!
You block the water moccasin's attack.
Okay, then.
You feel better. The water moccasin barely misses you.
You hit the water moccasin.
The water moccasin is severely wounded.
The water moccasin closely misses you.
The water moccasin bites you but does no damage.
You thump the water moccasin!
You kill the water moccasin!
Okawaru accepts your kill.
You closely miss the orc warrior.
The orc warrior hits you with a +0 scimitar!
You closely miss the orc warrior. Your bite misses the orc warrior.
The orc warrior barely misses you.
The orc warrior hits you with a +0 scimitar!
* * * LOW HITPOINT WARNING * * *
You hit the orc warrior.
The orc warrior is lightly wounded.
The orc warrior hits you with a +0 scimitar!
You die...

...# #)#..# #....#
#..# #.#..# #....#
...####.#..# #....#
........#..###....#
.............+....+
##.#.####...##....###
+ .#.# #...........#
# # ###..###.##.# #
##.# #@##.# #
#..##o##.###### #
##.##K##......#
###..#.##......#
................+
#####......#.#.#.#)
#..............
#......#.#.#.#.
#..........


You could see an orc warrior and a kobold brigand.

Vanquished Creatures
  A water moccasin (D:7)
  An ice beast (D:5)
  An ogre (D:5)
  2 phantoms (D:4)
  2 necrophages (D:5)
  3 scorpions (D:6)
  A howler monkey (D:6)
  4 hounds
  2 jellies
  2 orc priests
  5 iguanas
  3 orc wizards
  8 adders
  4 gnolls (D:4)
  2 ufetubi (D:5)
  2 worms (D:2)
  2 dart slugs
  16 orcs
  9 ball pythons
  8 bats
  8 endoplasms
  3 giant cockroaches
  9 goblins
  2 hobgoblins
  3 jackals (D:5)
  3 quokkas
  3 frilled lizards
  5 kobolds
  7 rats
121 creatures vanquished.

Vanquished Creatures (others)
  An orc (D:5)
1 creature vanquished.

Grand Total: 122 creatures vanquished

Notes
Turn   | Place    | Note
-------+----------+-------------------------------------------
     0 | D:1      | DocClef the Gnoll Fighter began the quest for the Orb.
     0 | D:1      | Reached XP level 1. HP: 23/23 MP: 1/1
   167 | D:1      | Reached XP level 2. HP: 25/29 MP: 2/2
   401 | D:1      | Found a faded altar of an unknown god.
   797 | D:1      | Reached XP level 3. HP: 35/35 MP: 3/3
  1019 | D:2      | Reached skill level 1 in Invocations
  1393 | D:2      | Reached skill level 1 in Short Blades
  1393 | D:2      | Reached skill level 1 in Long Blades
  1393 | D:2      | Reached skill level 1 in Axes
  1393 | D:2      | Reached skill level 1 in Polearms
  1393 | D:2      | Reached skill level 1 in Staves
  1393 | D:2      | Reached skill level 1 in Slings
  1393 | D:2      | Reached skill level 1 in Bows
  1393 | D:2      | Reached skill level 1 in Crossbows
  1393 | D:2      | Reached skill level 1 in Throwing
  1393 | D:2      | Reached skill level 1 in Dodging
  1393 | D:2      | Reached skill level 1 in Stealth
  1393 | D:2      | Reached skill level 1 in Unarmed Combat
  1393 | D:2      | Reached skill level 1 in Spellcasting
  1393 | D:2      | Reached skill level 1 in Evocations
  1606 | D:3      | Reached XP level 4. HP: 41/41 MP: 5/5
  1751 | D:3      | Found a glowing golden altar of the Shining One.
  1904 | D:3      | Reached skill level 1 in Conjurations
  1904 | D:3      | Reached skill level 1 in Hexes
  1904 | D:3      | Reached skill level 1 in Summonings
  1904 | D:3      | Reached skill level 1 in Necromancy
  1904 | D:3      | Reached skill level 1 in Translocations
  1904 | D:3      | Reached skill level 1 in Transmutations
  1904 | D:3      | Reached skill level 1 in Fire Magic
  1904 | D:3      | Reached skill level 1 in Ice Magic
  1904 | D:3      | Reached skill level 1 in Air Magic
  1904 | D:3      | Reached skill level 1 in Earth Magic
  1904 | D:3      | Reached skill level 1 in Poison Magic
  2419 | D:4      | Noticed a phantom
  2434 | D:4      | Killed a phantom
  2435 | D:4      | Reached XP level 5. HP: 47/47 MP: 5/7
  2707 | D:4      | Reached XP level 6. HP: 50/53 MP: 8/8
  3445 | D:4      | Reached skill level 5 in Maces & Flails
  3738 | D:5      | Entered Level 5 of the Dungeon
  3774 | D:5      | Reached XP level 7. HP: 57/59 MP: 10/10
  3977 | D:5      | Found a blossoming altar of Fedhas.
  4191 | D:5      | Found a staircase to the Ecumenical Temple.
  4338 | Temple   | Entered the Ecumenical Temple
  4389 | Temple   | Became a worshipper of Warmaster Okawaru
  4540 | D:5      | Found Uffon's Antique Weapon Shop.
  4772 | D:5      | Reached XP level 8. HP: 38/67 MP: 12/12
  5050 | D:5      | Found a radiant altar of Vehumet.
  5050 | D:5      | Found a snail-covered altar of Cheibriados.
  5786 | D:6      | Found a stormy altar of Qazlal.
  5836 | D:6      | Reached * piety under Okawaru
  6492 | D:7      | Slain by an orc warrior

Illustrated notes

Levels and vault maps discovered:
D:1:      scummos_arrival_gate, layout_loops_ring,
          shapermc_ecumenical_altar_pompeii, minmay_tetromino_l2
D:2:      layout_rooms, item_on_display_a
D:3:      layout_basic, tso_metal_star
D:4:      layout_loops_corners, grunt_decor_arrowhead, kennysheep_small_square
D:5:      layout_loops_cross, fedhas_altar_2, gammafunk_temple_overflow_wave,
          minmay_temple_entry_hall, serial_shops, shop,
          chequers_serial_rivers_large_a, hangedman_decor_push
D:6:      layout_loops_corners, nicolae_qazlal_eye_of_the_storm, serial_glass,
          glass_columns_a, glass_columns_b, minmay_strange_pillars,
          feat_on_display, minmay_strange_pillars, minmay_strange_pillars
D:7:      layout_basic, st_stairs_9, kennysheep_path_1
Temple:   cyrus_circular_temple

Skill      XL: |  1  2  3  4  5  6  7  8 |
---------------+-------------------------+-----
Invocations    | 1 2 3 |  3.9
Short Blades   | 1 2 3 |  3.5
Long Blades    | 1 2 3 |  3.5
Axes           | 1 2 3 |  3.5
Polearms       | 1 2 3 |  3.5
Staves         | 1 2 3 |  3.5
Slings         | 1 2 3 |  3.5
Bows           | 1 2 3 |  3.5
Crossbows      | 1 2 3 |  3.5
Throwing       | 1 2 3 |  3.5
Dodging        | 1 2 3 |  3.5
Stealth        | 1 2 3 |  3.5
Unarmed Combat | 1 2 3 |  3.5
Spellcasting   | 1 2 3 |  3.5
Evocations     | 1 2 3 |  3.5
Conjurations   | 1 2 |  2.9
Hexes          | 1 2 |  2.9
Summonings     | 1 2 |  2.9
Necromancy     | 1 2 |  2.9
Translocations | 1 2 |  2.9
Transmutations | 1 2 |  2.9
Fire Magic     | 1 2 |  2.9
Ice Magic      | 1 2 |  2.9
Air Magic      | 1 2 |  2.9
Earth Magic    | 1 2 |  2.9
Poison Magic   | 1 2 |  2.9
Maces & Flails | 5 |  5.8
Fighting       | 7 |  7.5
Armour         | 7 |  7.5
Shields        | 7 |  7.5

Action                   |  1- 3 |  4- 6 |  7- 9 || total
-------------------------+-------+-------+-------++-------
Melee: Flail             |   109 |   137 |   121 ||   367
       Bite              |     8 |     9 |    12 ||    29
  Use: Scroll            |     7 |     1 |       ||     8
       Potion            |     1 |     2 |     5 ||     8
Armor: Scale mail        |    63 |    50 |    51 ||   164
Dodge: Dodged            |    37 |    48 |    50 ||   135
Block: Buckler           |    28 |    43 |    32 ||   103

Table legend: (Time is in decaauts)
 A = Elapsed time spent in this place.
 B = Non-inter-level travel time spent in this place.
 C = Inter-level travel time spent in this place.
 D = Time resting spent in this place.
 E = Time spent auto-exploring this place.
 F = Levels seen in this place.
 G = Mean time per level.
                   A        B        C        D        E       F      G
               +--------+--------+--------+--------+--------+-----+--------+
         Total |   6570 |   6396 |    174 |    235 |   5251 |   8 |  821.2 |
       Dungeon |   6510 |   6345 |    165 |    235 |   5216 |   7 |  930.0 |
        Temple |     60 |     52 |      8 |      0 |     35 |   1 |   60.0 |
               +--------+--------+--------+--------+--------+-----+--------+

Top non-repeatable levels by time:
     D:4: 1553 daAuts
     D:5: 1281 daAuts
     D:6: 1139 daAuts
     D:1: 984 daAuts
     D:3: 912 daAuts
     D:2: 546 daAuts
     D:7: 91 daAuts
  Temple: 60 daAuts
